 Dungeon Crawl Stone Soup version 0.29-a0-994-gc5c9f59d18 (webtiles) character file.

Game seed: 16031788140342948843

135643 IdlyInterested the Severer (level 16, 0/155 HPs)
             Began as a Demonspawn Fighter on Aug 3, 2022.
             Was the Champion of Jiyva.
             Slain by a fire elemental (13 damage)
             ... summoned by a deep elf pyromancer
             ... on level 2 of the Elven Halls.
             The game lasted 01:55:24 (27764 turns).

IdlyInterested the Severer (Demonspawn Fighter)    Turns: 27764, Time: 01:55:25

Health: 0/155      AC: 35    Str: 31    XL:     16   Next: 64%
Magic:  0/10       EV: 16    Int: 10    God:    Jiyva [******]
Gold:   81         SH: 10    Dex: 21    Spells: 15/15 levels left

rFire   x . .      SeeInvis .   i - +9 war axe (antimagic)
rCold   + + +      Faith    +   R - +3 buckler {rC+}
rNeg    . . .      Spirit   +   Y - +4 ice dragon scales of Leewo {rPois rF- rC++ MP+9 Str+3 Stlth+}
rPois   +          Reflect  .   L - +2 helmet {Int+3}
rElec   .          Harm     .   K - +2 cloak
rCorr   +          Rampage  .   (gloves unavailable)
Will    +....                   w - +2 pair of boots
Stlth   +.........              b - amulet of Nejut {Faith rC+ rCorr Int-2 Dex+3}
HPRegen 4.35/turn               E - +6 ring of strength
MPRegen 0.74/turn               v - +4 ring of protection

@: lethally poisoned (0 -> -1), on fire, slowed, glowing, very slow
A: claws 3, thin metallic scales 2, robust 1, spiny 2, magic shield, magic
regeneration, thin skeletal structure 1, low MP 1, regeneration 3, gelatinous
body 2, tendrils
a: Renounce Religion, Oozemancy, Slimify


You were on level 2 of the Elven Halls.
You worshipped Jiyva.
Jiyva was exalted by your worship.
You visited 5 branches of the dungeon, and saw 24 of its levels.
You visited the Abyss 1 time.
You visited 1 bazaar.
You also visited: Sewer, Bailey, Gauntlet and Ice Cave.

You collected 3189 gold pieces.
You spent 3108 gold pieces at shops.

Inventory:

Hand Weapons
 f - a +1 broad axe of venom
 i - a +9 antimagic war axe (weapon)
 t - a +0 broad axe of flaming
 N - a +5 broad axe of freezing
Missiles
 h - 8 silver javelins
 n - 5 curare-tipped darts (quivered)
 J - a throwing net
Armour
 e - a scarf of invisibility
 w - a +2 pair of boots (worn)
 K - a +2 cloak (worn)
 L - a +2 helmet of intelligence (worn)
 P - a +0 crystal plate armour
 R - a +3 buckler of cold resistance (worn)
 V - the +4 skin of Zhor {*Englaciate rC+++ SInv}
   (You found it in an ice cave)

   It radiates cold, occasionally slowing all nearby creatures who are not
   resistant to cold.
   rC:        It renders you almost immune to cold.
   SInv:      It lets you see invisible.
 Y - the +4 ice dragon scales of Leewo (worn) {rPois rF- rC++ MP+9 Str+3 Stlth+}
   (You found it in an ice cave)

   Str:       It affects your strength (+3).
   rF:        It makes you vulnerable to fire.
   rC:        It greatly protects you from cold.
   rPois:     It protects you from poison.
   MP:        It affects your magic capacity (+9).
   Stlth:     It makes you more stealthy.
Jewellery
 b - the amulet of Nejut (around neck) {Faith rC+ rCorr Int-2 Dex+3}
   (You acquired it on level 3 of the Dungeon)

   [amulet of faith]

   It allows you to gain divine favour quickly.
   Int:       It affects your intelligence (-2).
   Dex:       It affects your dexterity (+3).
   rC:        It protects you from cold.
   rCorr:     It protects you from acid and corrosion.
 c - a ring of protection from cold
 m - a +6 ring of intelligence
 p - a ring of see invisible
 v - a +4 ring of protection (right claw)
 x - a ring of fire
 E - a +6 ring of strength (left claw)
 U - a ring of ice
Wands
 l - a wand of flame (9)
 y - a wand of mindburst (24)
 A - a wand of digging (11)
 D - a wand of paralysis (28)
 M - a wand of iceblast (29)
 O - a wand of polymorph (23)
Scrolls
 g - 3 scrolls of identify
 s - a scroll of enchant armour
 u - 7 scrolls of butterflies
 z - 8 scrolls of teleportation
 B - 5 scrolls of fear
 F - a scroll of brand weapon
 I - 2 scrolls of magic mapping
 S - 3 scrolls of poison
 T - 4 scrolls of summoning
 Z - a scroll of blinking
Potions
 d - 11 potions of might
 j - 2 potions of flight
 k - 16 potions of curing
 o - 5 potions of mutation
 q - 5 potions of cancellation
 r - 5 potions of heal wounds
 C - 3 potions of brilliance
 G - 7 potions of haste
 H - 2 potions of invisibility
 Q - 5 potions of magic
 W - 2 potions of resistance
Miscellaneous
 a - a condenser vane
 X - a lightning rod (4/4)


   Skills:
 + Level 17.2 Fighting
 - Level 18.0 Axes
 - Level 9.0 Armour
 - Level 6.0 Dodging
 * Level 8.0 Shields
 + Level 13.3 Invocations
 - Level 9.0 Evocations


You had 15 spell levels left.
You didn't know any spells.
Your spell library contained the following spells:

 Spells                   Type           Power      Damage    Failure   Level
 Apportation              Tloc           0%         N/A       69%         1
 Beastly Appendage        Tmut           0%         N/A       69%         1
 Foxfire                  Conj/Fire      0%         2x1d4     69%         1
 Freeze                   Ice            0%         1d3       69%         1
 Magic Dart               Conj           0%         1d3       69%         1
 Sandblast                Erth           0%         2d4       69%         1
 Passwall                 Tmut/Erth      0%         N/A       83%         2
 Searing Ray              Conj           0%         2d4       83%         2
 Static Discharge         Conj/Air       0%         3-3/arc   83%         2
 Wereblood                Tmut           0%         N/A       83%         2
 Confusing Touch          Hex            0%         N/A       96%         3
 Conjure Flame            Conj/Fire      0%         6-21      96%         3
 Ignite Poison            Fire/Tmut/Pois 0%         N/A       96%         3
 Ozocubu's Armour         Ice            0%         N/A       96%         3
 Spider Form              Tmut/Pois      0%         N/A       96%         3
 Stone Arrow              Conj/Erth      0%         3d7       96%         3
 Summon Guardian Golem    Hex/Summ       0%         N/A       96%         3
 Animate Armour           Summ/Erth      0%         N/A       100%        4
 Animate Dead             Necr           0%         N/A       100%        4
 Fulminant Prism          Conj/Hex       0%         3d6       100%        4
 Hailstorm                Conj/Ice       0%         3d3       100%        4
 Olgreb's Toxic Radiance  Pois           0%         N/A       100%        4
 Sticky Flame             Conj/Fire      0%         2d3       100%        4
 Alistair's Intoxication  Tmut/Pois      0%         N/A       100%        5
 Blade Hands              Tmut           0%         N/A       100%        5
 Lightning Bolt           Conj/Air       0%         1d11      100%        5
 Metabolic Englaciation   Hex/Ice        0%         N/A       100%        5
 Yara's Violent Unravell  Hex/Tmut       0%         3d3       100%        5
 Conjure Ball Lightning   Conj/Air       0%         3x3d6     100%        6
 Dispersal                Tloc           0%         N/A       100%        6
 Iron Shot                Conj/Erth      0%         9d1       100%        6
 Simulacrum               Ice/Necr       0%         N/A       100%        6
 Enfeeble                 Hex            0%         N/A       100%        7
 Haunt                    Necr/Summ      0%         N/A       100%        7
 Orb of Destruction       Conj           0%         9d5       100%        7
 Ozocubu's Refrigeration  Ice            0%         4d7       100%        7
 Spellforged Servitor     Conj/Summ      0%         N/A       100%        7
 Discord                  Hex            0%         N/A       100%        8
 Disjunction              Tloc           0%         N/A       100%        8
 Ignition                 Fire           0%         3d3       100%        8
 Infestation              Necr           0%         N/A       100%        8
 Lehudib's Crystal Spear  Conj/Erth      0%         10d2      100%        8
 Maxwell's Capacitive Co  Air            0%         ∞         100%        8


Dungeon Overview and Level Annotations

Branches:
Dungeon (14/15)            Temple (1/1) D:4            Lair (5/5) D:11
 Shoals (0/4) Lair:2        Snake (0/4) Lair:2        Slime (0/5) Lair:5
    Orc (2/2) D:12            Elf (2/3) Orc:2        Vaults (0/5) D:14
  Sewer (visited)          Bailey (visited)           IceCv (visited)
Gauntlet (visited)

Altars:
Ashenzari
Cheibriados
Dithmenos
Fedhas
Gozag
Hepliaklqana
Kikubaaqudgha
Makhleb
Nemelex Xobeh
Okawaru
Qazlal
Ru
Sif Muna
Trog
Uskayaw
Vehumet
Wu Jian
Xom
Yredelemnul
Jiyva

Shops:
D:2 [**   D:5 *(   Orc:2 [[:[

Portals:
Abyss: Elf:1


Innate Abilities, Weirdness & Mutations

You have claws for hands.
You are mostly covered in thin metallic scales. (AC +3)
You are robust. (+10% HP)
You are mostly covered in sharp spines.
When hurt, damage is shared between your health and your magic reserves.
You regenerate magic rapidly.
You have a somewhat thin skeletal structure. (Dex +2, Stealth+)
Your magical capacity is low. (-10% MP)
You regenerate.
Your pliable body absorbs attacks. (AC +2, EV +2)
You are covered in slimy tendrils that may disarm your opponents.


Message History

The deep elf zephyrmancer closely misses you.
The deep elf pyromancer falters for a moment.
You block the +2 glaive of venom's attack.
You block the deep elf zephyrmancer's attack.
The deep elf pyromancer hits you.
* * * LOW HITPOINT WARNING * * *
You slice the deep elf zephyrmancer!!
You kill the deep elf zephyrmancer!
You slash the deep elf pyromancer!
You kill the deep elf pyromancer!
You feel sick.
You block the +2 glaive of venom's attack.
The deep elf pyromancer casts a spell at you.
The sticky flame hits you but does no damage.
You are covered in liquid flames!
You are covered in liquid flames!
* * * LOW HITPOINT WARNING * * *
You feel sick. You block the fire elemental's attack.
The deep elf pyromancer hits you but does no damage.
The +2 glaive of venom hits you from afar.
* * * LOW HITPOINT WARNING * * *
You are more poisoned.
The fire elemental hits you. The fire elemental burns you!
The fire burns you terribly!
* * * LOW HITPOINT WARNING * * *
Things that are here:
a +0 long sword; an elf corpse; an elf corpse You slash the deep elf pyromancer!
The deep elf pyromancer's magic leaks into the air.
The deep elf pyromancer is almost dead.
You slash the fire elemental! x2
You are covered in liquid flames!
* * * LOW HITPOINT WARNING * * *
You feel very sick.
The +2 glaive of venom hits you from afar!
* * * LOW HITPOINT WARNING * * *
The fire elemental is struck by your spines.
The fire elemental hits you. The fire elemental burns you!
The fire burns you terribly!
You die...

#....,...#...#.* *,,,,,,,
#..#.##........##*>***,*,
#*,#.....#.......#*,**,*,^
*#.**#..°.#.......#*,*,***<
**,#.,,#..°#.......#*,,*,,,*
*,*#..,##).#.e.....#*,**,,,*
**,#...#..<#.......#*,,*,,,*
**.*##..○eE))......,,,,***,
*#.#....E@)......#*,,,,*,, ###
*#..#.#)##(#.....,***,,,* #.##
##.#.#)#*.######,* *,,,* .#.##
#.#..)#*.#*****,****,** ###.##
#.#.#)#*.#*,,,,,,***,* ...#.##
#/#.#.#*.#*,***,,**,** .>[##.#
#......°.#,,,,,,,*,**
..)#.##########..,..,,,,,,,,**
###.........###...,**********
*


You could see a deep elf pyromancer (magic disrupted), a deep elf zephyrmancer,
2 fire elementals and a +2 glaive of venom.

Vanquished Creatures
  Saint Roka (Orc:2)
  2 profane servitors (Elf:1)
  A bone dragon (Abyss:4)
  A lich (Abyss:3)
  A deep elf blademaster (Elf:1)
  2 tentacled starspawn (Abyss:3)
  The ghost of flotson the Nimble, an adept DsDe of Gozag (Elf:1)
  5 deep elf sorcerers
  A frost giant (IceCv)
  A cacodemon (Elf:1)
  A starflower (Abyss:3)
  2 deep elf demonologists
  A minotaur (Gauntlet)
  Snorg (Lair:4)
  A deep elf death mage (Elf:2)
  A vault guard (D:14)
  Harold (Lair:2)
  Fannar (D:11)
  6 hydras
  2 catoblepae
  A centaur warrior (D:14)
  Erica (D:10)
  4 boulder beetles
  A merfolk avatar (Lair:5)
  4 two-headed ogres
  5 dancing weapons
  A death scarab (Gauntlet)
  A thrashing horror (Elf:1)
  6 death yaks
  Sonja (Orc:1)
  A soul eater (Gauntlet)
  4 wretched stars (Abyss:3)
  7 deep elf knights
  A sixfirhy (Abyss:3)
  A sea snake (Lair:5)
  9 deep elf archers
  7 wizards
  A harpy (shapeshifter) (D:14)
  20 deep elf pyromancers
  2 orc knights
  11 deep elf zephyrmancers
  3 orc sorcerers
  4 manticores
  13 ugly things
  3 cyclopes
  3 oklob plants
  A spectral boulder beetle (Gauntlet)
  An ice statue (IceCv)
  A worldbinder (Elf:1)
  A black mamba (Lair:3)
  A gargoyle (D:12)
  A smoke demon (Abyss:3)
  6 elephants
  A cane toad (shapeshifter) (Elf:1)
  12 cane toads
  Maggie (D:10)
  A hellion (Elf:1)
  The ghost of kd29 the Summoner, a novice MfSu (D:5)
  An efreet (Gauntlet)
  3 rime drakes
  A tengu conjurer (D:14)
  7 komodo dragons
  2 trolls
  15 polar bears
  A wolf spider simulacrum (D:13)
  3 meliai (D:13)
  3 hornets
  4 snapping turtles (Lair:5)
  24 blink frogs
  3 raiju (Abyss:3)
  A small abomination (Abyss:3)
  A shadow (D:11)
  2 wraiths
  87 yaks
  A water elemental (Elf:1)
  6 wyverns
  3 vampires
  3 fire elementals
  4 basilisks
  11 vampire mosquitoes
  6 redbacks (Elf:2)
  2 wargs (Orc:2)
  4 steam dragons
  3 acid dragons
  10 water moccasins
  3 hell hounds (Gauntlet)
  39 orc warriors
  2 sky beasts
  3 black bears
  A black bear (shapeshifter) (Elf:1)
  4 ogres
  14 wolves (IceCv)
  20 centaurs
  A phantom (D:6)
  A necrophage (D:6)
  14 bullfrogs
  2 earth elementals (Elf:2)
  A gnoll sergeant (D:10)
  3 scorpions
  6 killer bees (D:8)
  8 howler monkeys
  2 hounds (D:6)
  14 orc priests
  4 jellies
  Crazy Yiuf (D:6)
  22 orc wizards
  9 hell rats (Lair:2)
  3 iguanas (D:5)
  3 gnolls (D:10)
  12 adders
  15 river rats
  4 shadow imps (Gauntlet)
  13 white imps
  2 ufetubi
  4 worms
  3 dart slugs
  91 orcs
  17 ball pythons
  8 bats
  9 endoplasms
  3 giant cockroaches
  15 goblins
  9 hobgoblins
  8 jackals
  2 quokkas
  5 frilled lizards
  9 kobolds
  23 rats
819 creatures vanquished.

Vanquished Creatures (collateral kills)
  A crystal guardian (Elf:1)
1 creature vanquished.

Vanquished Creatures (others)
  A great orb of eyes (Elf:1)
  A dancing weapon (Elf:2)
  2 deep elf knights
  2 deep elf pyromancers
  An ugly thing (D:14)
  An eye of devastation (shapeshifter) (Elf:1)
  A polar bear (IceCv)
  A redback (Elf:2)
  2 orc warriors (Orc:2)
  A boggart (Elf:1)
  18 jellies
  An orc (Orc:2)
  A bush (Lair:5)
  25 demonic plants
  35 fungi
  57 plants
  6 starspawn tentacles (Abyss:3)
156 creatures vanquished.

Grand Total: 976 creatures vanquished

Notes
Turn   | Place    | Note
-------+----------+-------------------------------------------
     0 | D:1      | IdlyInterested the Demonspawn Fighter began the quest for
                  | the Orb.
     0 | D:1      | Reached XP level 1. HP: 18/18 MP: 1/1
   111 | D:1      | Reached skill level 2 in Axes
   277 | D:1      | Gained mutation: You are partially covered in thin metallic
                  | scales. (AC +2) [demonic ancestry]
   277 | D:1      | Reached XP level 2. HP: 23/24 MP: 2/2
   436 | D:1      | Reached skill level 1 in Dodging
  1152 | D:2      | Found Joigap's General Store.
  1226 | D:2      | Reached XP level 3. HP: 28/29 MP: 3/3
  1445 | D:2      | Reached skill level 3 in Axes
  1584 | D:2      | Found Kuveus's General Store.
  1961 | D:2      | Found Nitwue's Antique Armour Boutique.
  2082 | D:2      | Bought 2 potions of heal wounds for 120 gold pieces
  2098 | D:3      | Found a faded altar of an unknown god.
  2199 | D:3      | Identified a scroll of acquirement
  2199 | D:3      | Acquired the amulet of Nejut {Faith rC+ rCorr Int-2 Dex+3}
  2224 | D:3      | Reached XP level 4. HP: 31/35 MP: 4/4
  2722 | D:3      | Reached skill level 4 in Axes
  2728 | D:3      | Gained mutation: You regenerate magic rapidly. [demonic
                  | ancestry]
  2728 | D:3      | Reached XP level 5. HP: 32/41 MP: 5/5
  3348 | D:2      | Bought a potion of curing for 36 gold pieces
  3374 | D:2      | Bought a scroll of identify for 24 gold pieces
  3892 | D:4      | Found a staircase to the Ecumenical Temple.
  3900 | Temple   | Entered the Ecumenical Temple
  4196 | D:4      | Reached XP level 6. HP: 47/47 MP: 6/6
  4465 | D:4      | Found a stormy altar of Qazlal.
  4545 | D:2      | Bought a scroll of teleportation for 36 gold pieces
  4632 | D:5      | Entered Level 5 of the Dungeon
  4637 | D:5      | Reached skill level 5 in Axes
  4716 | D:5      | Found a glowing drain.
  4747 | Sewer    | Entered a sewer
  5075 | Sewer    | HP: 1/47 [river rat (7)]
  5276 | Sewer    | Reached skill level 1 in Evocations
  5277 | Sewer    | Reached skill level 6 in Axes
  5277 | Sewer    | Gained mutation: You have sharp fingernails. [demonic
                  | ancestry]
  5277 | Sewer    | Reached XP level 7. HP: 22/52 MP: 7/7
  5612 | D:5      | Found Soedgh's Assorted Antiques.
  5639 | D:5      | Bought a metallic black potion for 22 gold pieces
  5669 | D:5      | Found a runed translucent door.
  5675 | D:5      | Noticed kd29's ghost (novice MfSu)
  5759 | D:5      | Found an ancient bone altar of Kikubaaqudgha.
  5839 | D:5      | Gained mutation: You are strong-willed. (Will+) [potion of
                  | mutation]
  5839 | D:5      | Gained mutation: You are robust. (+10% HP) [potion of
                  | mutation]
  5839 | D:5      | Gained mutation: Your system is resistant to poisons.
                  | (rPois) [potion of mutation]
  5896 | D:5      | Found Huunwon's Antique Weapon Shop.
  6603 | D:5      | Killed kd29's ghost
  6604 | D:5      | Reached skill level 7 in Axes
  6604 | D:5      | Gained mutation: You have very sharp fingernails. [demonic
                  | ancestry]
  6604 | D:5      | Reached XP level 8. HP: 62/63 MP: 8/8
  6609 | D:5      | Identified the +1 pair of gloves of Hedging {+Blink}
  6813 | D:6      | Reached skill level 8 in Axes
  7132 | D:6      | Found an iron altar of Okawaru.
  7134 | D:6      | Found an ornate altar of the Wu Jian Council.
  7279 | D:6      | Found a blossoming altar of Fedhas.
  7511 | D:6      | Reached skill level 9 in Axes
  7639 | D:6      | Found a runed translucent door.
  7640 | D:6      | Noticed Crazy Yiuf
  7791 | D:6      | Killed Crazy Yiuf
  7896 | D:5      | Bought a runed war axe for 175 gold pieces
  8239 | D:7      | Gained mutation: You are partially covered in sharp spines.
                  | [demonic ancestry]
  8239 | D:7      | Reached XP level 9. HP: 73/73 MP: 3/9
  8261 | D:7      | Reached skill level 5 in Fighting
  8435 | D:7      | Found an opulent altar of Gozag.
  8532 | D:7      | Reached skill level 10 in Axes
  9003 | D:8      | Reached skill level 11 in Axes
  9022 | D:8      | Gained mutation: You are mostly covered in thin metallic
                  | scales. (AC +3) [demonic ancestry]
  9022 | D:8      | Reached XP level 10. HP: 58/83 MP: 3/10
  9314 | D:8      | Found a shimmering altar of Xom.
  9397 | D:8      | Found a burning altar of Makhleb.
 10024 | D:9      | Reached skill level 12 in Axes
 10024 | D:9      | Reached skill level 5 in Armour
 10048 | D:9      | Found a flagged portal.
 10061 | Bailey   | Entered a bailey
 10515 | Bailey   | Noticed an orc knight
 10522 | Bailey   | Killed an orc knight
 10865 | D:9      | Reached skill level 13 in Axes
 11101 | D:9      | Gained mutation: You are mostly covered in sharp spines.
                  | [demonic ancestry]
 11101 | D:9      | Reached XP level 11. HP: 77/89 MP: 3/11
 11359 | D:9      | Found a radiant altar of Vehumet.
 11572 | D:9      | Acquired a manual of Fighting
 11584 | D:10     | Entered Level 10 of the Dungeon
 12019 | D:10     | Noticed Maggie
 12027 | D:10     | Killed Maggie
 12041 | D:10     | Found a bloodstained altar of Trog.
 12351 | D:10     | Noticed Erica
 12359 | D:10     | Killed Erica
 12507 | D:10     | Noticed a two-headed ogre
 12515 | D:10     | Killed a two-headed ogre
 12516 | D:10     | Reached skill level 14 in Axes
 12516 | D:10     | Reached skill level 5 in Shields
 12871 | D:5      | Bought a glowing hand axe for 162 gold pieces
 13048 | D:11     | Noticed a six-headed hydra
 13061 | D:11     | Killed a one-headed hydra
 13376 | D:11     | Noticed Fannar
 13392 | D:11     | Killed Fannar
 13431 | D:11     | Noticed an oklob plant
 13433 | D:11     | Found a staircase to the Lair.
 13484 | D:11     | Noticed an oklob plant
 13493 | D:11     | Killed an oklob plant
 13507 | D:11     | Killed an oklob plant
 13654 | D:11     | Noticed a two-headed ogre
 13666 | D:11     | Killed a two-headed ogre
 13667 | D:11     | Gained mutation: You have claws for hands. [demonic
                  | ancestry]
 13667 | D:11     | Reached XP level 12. HP: 84/103 MP: 4/12
 14150 | D:11     | Noticed a boulder beetle
 14194 | D:11     | Killed a boulder beetle
 14714 | D:11     | Acquired 670 gold pieces
 14726 | Lair:1   | Entered Level 1 of the Lair of Beasts
 14888 | Lair:1   | Noticed an eight-headed hydra
 14897 | Lair:1   | Killed a five-headed hydra
 15137 | Lair:1   | Noticed a boulder beetle
 15150 | Lair:1   | Killed a boulder beetle
 15229 | Lair:1   | Reached skill level 15 in Axes
 15693 | Lair:2   | Found a frozen archway.
 15742 | IceCv    | Entered an ice cave
 15762 | IceCv    | Reached skill level 10 in Fighting
 15786 | IceCv    | Reached skill level 5 in Evocations
 15985 | IceCv    | Noticed a death yak
 15993 | IceCv    | Killed a death yak
 16226 | IceCv    | Identified the +4 ice dragon scales of Leewo {rPois rF-
                  | rC++ MP+9 Str+3 Stlth+}
 16249 | IceCv    | Noticed a death yak
 16249 | IceCv    | Noticed a frost giant
 16268 | IceCv    | Killed a death yak
 16282 | IceCv    | Killed a frost giant
 16283 | IceCv    | Gained mutation: When hurt, damage is shared between your
                  | health and your magic reserves. [demonic ancestry]
 16283 | IceCv    | Reached XP level 13. HP: 66/116 MP: 4/13
 16546 | IceCv    | Found the +4 skin of Zhor {*Englaciate rC+++ SInv}
 16891 | Lair:2   | Found a staircase to the Shoals.
 16945 | Lair:2   | Reached skill level 16 in Axes
 16946 | Lair:2   | Noticed Harold
 16964 | Lair:2   | Killed Harold
 17055 | Lair:2   | Reached skill level 5 in Dodging
 17319 | Lair:2   | Found a staircase to the Snake Pit.
 17944 | D:5      | Bought a condenser vane for 1000 gold pieces
 17998 | D:2      | Bought a potion of might for 48 gold pieces
 18034 | D:5      | Bought a scroll of identify for 50 gold pieces
 19658 | Lair:4   | Noticed Snorg
 19670 | Lair:4   | Killed Snorg
 19912 | Lair:4   | Reached skill level 17 in Axes
 20270 | Lair:5   | Entered Level 5 of the Lair of Beasts
 20366 | Lair:5   | Reached XP level 14. HP: 123/130 MP: 7/14
 20961 | Lair:5   | Identified the +6 rapier "Ufret" {freeze, +Blink Str+6
                  | Int-5 Stlth+}
 21719 | Lair:5   | Found a viscous altar of Jiyva.
 21719 | Lair:5   | Found a staircase to the Slime Pits.
 21725 | Lair:5   | Became a worshipper of Jiyva Jotidoky the Shapeless
 22215 | D:12     | Reached * piety under Jiyva
 22656 | D:12     | Reached ** piety under Jiyva
 22790 | D:12     | Found a staircase to the Orcish Mines.
 23062 | Orc:1    | Entered Level 1 of the Orcish Mines
 23137 | Orc:1    | Found a burning altar of Makhleb.
 23194 | Orc:1    | Reached *** piety under Jiyva
 23257 | Orc:1    | Lost mutation: Your system is resistant to poisons. (rPois)
                  | [Jiyva's grace]
 23257 | Orc:1    | Gained mutation: Your natural rate of healing is unusually
                  | fast. [Jiyva's grace]
 23257 | Orc:1    | Gained mutation: You heal very quickly. [Jiyva's grace]
 23257 | Orc:1    | Gained mutation: You regenerate. [Jiyva's grace]
 23257 | Orc:1    | Gained mutation: You are covered in slimy tendrils that may
                  | disarm your opponents. [Jiyva's grace]
 23273 | Orc:1    | Noticed Sonja
 23292 | Orc:1    | Killed Sonja
 23293 | Orc:1    | Reached skill level 15 in Fighting
 23293 | Orc:1    | Reached skill level 18 in Axes
 23533 | Orc:2    | Entered Level 2 of the Orcish Mines
 23609 | Orc:2    | Found a staircase to the Elven Halls.
 23876 | Orc:2    | Reached **** piety under Jiyva
 23928 | Orc:2    | Found Rapo Vyq's Book Boutique.
 23928 | Orc:2    | Found Jese's Antique Armour Shoppe.
 23972 | Orc:2    | Noticed Saint Roka
 23978 | Orc:2    | Reached skill level 1 in Invocations
 23994 | Orc:2    | Killed Saint Roka
 24009 | Orc:2    | Found Ycke's Antique Armour Shop.
 24011 | Orc:2    | Found Dusa's Antique Armour Emporium.
 24232 | Orc:2    | Bought a shiny helmet for 292 gold pieces
 24896 | D:13     | Reached ***** piety under Jiyva
 25051 | D:14     | Reached XP level 15. HP: 136/141 MP: 18/18
 25094 | D:14     | Found a gate leading to a gauntlet.
 25096 | D:14     | Gained mutation: You have a small jelly attached to you
                  | that may absorb projectiles. [Jiyva's grace]
 25096 | D:14     | Gained mutation: Your spells are a little harder to cast,
                  | but a little more powerful. [Jiyva's grace]
 25096 | D:14     | Gained mutation: Your spells are harder to cast, but more
                  | powerful. [Jiyva's grace]
 25096 | D:14     | Gained mutation: Your spells are much harder to cast, but
                  | much more powerful. [Jiyva's grace]
 25106 | Gauntlet | Entered a Gauntlet
 25106 | Gauntlet | Found a transporter.
 25123 | Gauntlet | Found a transporter.
 25136 | Gauntlet | Found a transporter.
 25144 | Gauntlet | Found a transporter.
 25159 | Gauntlet | Found a transporter.
 25178 | Gauntlet | Found a transporter.
 25190 | Gauntlet | Found a transporter.
 25199 | Gauntlet | Found a transporter.
 25214 | Gauntlet | Found a transporter.
 25220 | Gauntlet | Found a transporter.
 25233 | Gauntlet | Found the +7 lajatang of Order {silver, rMut}
 25237 | Gauntlet | Found a transporter.
 25258 | Gauntlet | Found a transporter.
 25278 | Gauntlet | Found a transporter.
 25308 | Gauntlet | Found a transporter.
 25310 | Gauntlet | Found a transporter.
 25323 | Gauntlet | Found a transporter.
 25326 | Gauntlet | Found a transporter.
 25326 | Gauntlet | Found a transporter.
 25342 | Gauntlet | Reached skill level 5 in Invocations
 25487 | Gauntlet | Got Kupyr Fani's Almanac of Firn and Outbursts
 25622 | D:14     | Found a gate to the Vaults.
 26188 | Elf:1    | Entered Level 1 of the Elven Halls
 26285 | Elf:1    | Noticed a Brimstone Fiend
 26372 | Elf:1    | Reached skill level 10 in Invocations
 26415 | Elf:1    | Noticed a deep elf sorcerer
 26422 | Elf:1    | Killed a deep elf sorcerer
 26430 | Elf:1    | Paralysed by an air elemental for 1 turns
 26468 | Elf:1    | Noticed a deep elf blademaster
 26481 | Elf:1    | Reached ****** piety under Jiyva
 26492 | Elf:1    | Noticed a deep elf sorcerer
 26492 | Elf:1    | Noticed flotson's ghost (adept DsDe)
 26494 | Elf:1    | Noticed a profane servitor
 26495 | Elf:1    | Noticed a profane servitor
 26503 | Elf:1    | Found a transporter.
 26674 | Elf:1    | Found a transporter.
 26683 | Elf:1    | Noticed a deep elf sorcerer
 26888 | Elf:1    | Found a one-way gate to the infinite horrors of the Abyss.
 26898 | Elf:1    | Killed a deep elf sorcerer
 26905 | Elf:1    | Killed a deep elf sorcerer
 26916 | Elf:1    | Killed a profane servitor
 26921 | Elf:1    | Mutation became permanent: You are robust. (+10% HP)
                  | [demonic ancestry]
 26921 | Elf:1    | Gained mutation: You are robust. (+10% HP) [demonic
                  | ancestry]
 26921 | Elf:1    | Reached XP level 16. HP: 50/152 MP: 6/24
 26921 | Elf:1    | Killed a profane servitor
 26931 | Elf:1    | Killed flotson's ghost
 26945 | Abyss:3  | Cast into level 3 of the Abyss (deep elf blademaster)
 26969 | Abyss:3  | Noticed a tentacled starspawn
 26970 | Abyss:3  | Noticed a tentacled starspawn
 26970 | Abyss:3  | Noticed a lich
 26977 | Abyss:3  | Killed a tentacled starspawn
 26998 | Abyss:3  | Killed a lich
 27003 | Abyss:3  | Killed a tentacled starspawn
 27020 | Abyss:3  | Lost mutation: Your spells are much harder to cast, but
                  | much more powerful. [Jiyva's grace]
 27020 | Abyss:3  | Lost mutation: You are covered in slimy tendrils that may
                  | disarm your opponents. [Jiyva's grace]
 27020 | Abyss:3  | Gained mutation: You are covered in slimy tendrils that may
                  | disarm your opponents. [Jiyva's grace]
 27020 | Abyss:3  | Gained mutation: Your rubbery body absorbs attacks. (AC +1,
                  | EV +1) [Jiyva's grace]
 27020 | Abyss:3  | Gained mutation: Your pliable body absorbs attacks. (AC +2,
                  | EV +2) [Jiyva's grace]
 27020 | Abyss:3  | Gained mutation: Your gelatinous body deflects attacks. (AC
                  | +3, EV +3) [Jiyva's grace]
 27037 | Abyss:4  | Noticed a bone dragon
 27058 | Abyss:4  | Killed a bone dragon
 27063 | Elf:1    | Escaped the Abyss
 27073 | Elf:1    | Killed a deep elf blademaster
 27168 | Elf:2    | Found a flickering gateway to a bazaar.
 27189 | Bazaar   | Entered a bazaar
 27189 | Bazaar   | Found Yngudod's Distillery.
 27189 | Bazaar   | Found Wazej's Antique Armour Shop.
 27189 | Bazaar   | Found Xetoeg's Antique Weapon Emporium.
 27218 | Bazaar   | Found Coag's Jewellery Boutique.
 27227 | Bazaar   | Found Wyantin's General Store.
 27315 | Bazaar   | Bought a scroll of enchant weapon for 90 gold pieces
 27315 | Bazaar   | Bought 3 potions of curing for 108 gold pieces
 27341 | Bazaar   | Bought a potion of invisibility for 88 gold pieces
 27341 | Bazaar   | Bought a potion of mutation for 88 gold pieces
 27341 | Bazaar   | Bought a potion of haste for 110 gold pieces
 27341 | Bazaar   | Bought a potion of resistance for 110 gold pieces
 27341 | Bazaar   | Bought a potion of heal wounds for 55 gold pieces
 27341 | Bazaar   | Bought a potion of might for 44 gold pieces
 27349 | Bazaar   | Bought a glowing buckler for 225 gold pieces
 27350 | Bazaar   | Bought a shiny buckler for 225 gold pieces
 27552 | Elf:2    | Lost mutation: Your spells are harder to cast, but more
                  | powerful. [potion of mutation]
 27552 | Elf:2    | Lost mutation: You are strong-willed. (Will+) [potion of
                  | mutation]
 27552 | Elf:2    | Lost mutation: Your spells are a little harder to cast, but
                  | a little more powerful. [potion of mutation]
 27552 | Elf:2    | Gained mutation: Your spells are a little harder to cast,
                  | but a little more powerful. [potion of mutation]
 27553 | Elf:2    | Lost mutation: Your spells are a little harder to cast, but
                  | a little more powerful. [potion of mutation]
 27553 | Elf:2    | Lost mutation: You have a small jelly attached to you that
                  | may absorb projectiles. [potion of mutation]
 27553 | Elf:2    | Lost mutation: Your gelatinous body deflects attacks. (AC
                  | +3, EV +3) [potion of mutation]
 27553 | Elf:2    | Gained mutation: Your magical capacity is low. (-10% MP)
                  | [potion of mutation]
 27553 | Elf:2    | Gained mutation: You have a somewhat thin skeletal
                  | structure. (Dex +2, Stealth+) [potion of mutation]
 27764 | Elf:2    | Slain by a fire elemental

Illustrated notes

Levels and vault maps discovered:
D:1:      shiori_shiawase, layout_loops_ring, minmay_stone_trees_small,
          minmay_statues_item, minmay_heptomino_w4
D:2:      minmay_door_path, layout_basic, serial_shops, shop,
          nicolae_shop_stone, shop, chequers_mini_garden,
          nicolae_concentric_dashed_squares_mild, guppyfry_early_orc_mine
D:3:      minmay_angry_zag, layout_basic,
          hellmonk_ecumenical_altar_pennies_from_heaven, nrook_mini_backslash,
          minmay_close_crescents
D:4:      layout_loops_ring, grunt_qazlal_clouds, temple_statues
D:5:      layout_basic, nicolae_overflow_hidden_temple,
          ebering_ghost_reflecting_pool, cheibrodos_sewer_entry_bend,
          serial_shops, shop_statue, nicolae_shop_overgrown_old_shop
D:6:      layout_basic, amcnicky_altar_gilded,
          mainiacjoe_overflow_catwalk_spiral, chequers_serial_rivers_small_a,
          minivault_24, uniq_crazy_yiuf_cottage
D:7:      layout_basic, mainiacjoe_overflow_tiny_flanked, minmay_misc_feat_five
D:8:      nicolae_BIG_FREAKIN_CUBE, layout_loops_ring, tgw_xom,
          lemuel_crystal_altar
D:9:      layout_big_octagon, lemuel_tele_altar, enter_bailey_3,
          grunt_ministairs_3, minmay_variable_closet
D:10:     layout_irregular_city, mainiacjoe_overflow_boulevard, uniq_maggie,
          uniq_erica
D:11:     layout_stronghold, dpeg_oklobed_lair, uniq_fannar
D:12:     layout_stronghold, orc_0_dummy, minmay_fractal_squares_gapless_5
D:13:     layout_long_grid
D:14:     layout_cave_pools, david_vaults_5, gauntlet_entry_generic,
          nicolae_tso_carved_into_rock
Temple:   nicolae_temple_godzebo
Lair:1:   layout_regular_city
Lair:2:   layout_cave_pods, elwin_shoals_entry_rocks, dummy_snake_entry,
          portal_ice_cave_entry_imps, kennysheep_rathole, uniq_harold
Lair:3:   layout_gridlike, patterned_corridor, grunt_megastairs_5
Lair:4:   layout_regular_city, uniq_snorg
Lair:5:   gammafunk_lair_ancient_temple, layout_concentric_octagons,
          dpeg_slime_entry_corner, chequers_serial_rivers_micro_b, minivault_27,
          infiniplex_staircase_pool_2
Orc:1:    layout_diamond_mine, bloody_makhleb, uniq_sonja
Orc:2:    st_orc_rangers, layout_diamond_mine, uniq_saint_roka
Elf:1:    eino_elf_arrival_customs, layout_rooms,
          gammafunk_ghost_abyssal_escape, hangedman_elf_disciples
Elf:2:    nicolae_elf_blades_crystal_corner, layout_loops_cross, serial_shops,
          bzr_entry_gold, drop_trap

Skill      XL: |  1  2  3  4  5  6  7  8  9 10 11 12 13 14 15 16 |
---------------+-------------------------------------------------+-----
Axes           | 2 3 4 6 7 9 11 13 14 15 17 18 | 18.0
Dodging        | 1 2 3 4 6 |  6.0
Armour         | 3 6 8 9 |  9.0
Evocations     | 1 3 6 9 |  9.0
Shields        | 3 5 6 8 |  8.0
Fighting       | 4 6 8 11 13 15 16 17 | 17.2
Invocations    | 4 11 13 | 13.3

Action                   |  1- 3 |  4- 6 |  7- 9 | 10-12 | 13-15 | 16-18 || total
-------------------------+-------+-------+-------+-------+-------+-------++-------
Melee: War axe           |   122 |   231 |   266 |   518 |   485 |   208 ||  1830
       Scimitar          |       |       |       |    13 |     6 |       ||    19
       Broad axe         |       |       |       |       |   478 |       ||   478
Throw: Dart              |       |       |     1 |    30 |       |       ||    31
       Boomerang         |       |       |       |       |     6 |       ||     6
Evoke: Wand              |       |       |       |     8 |       |       ||     8
       Lightning rod     |       |       |       |       |       |     1 ||     1
  Use: Scroll            |     9 |     6 |     4 |    13 |    10 |     2 ||    44
       Potion            |       |     3 |     2 |     1 |     2 |     3 ||    11
 Stab: Petrified         |       |       |       |       |     3 |       ||     3
       Petrifying        |       |       |       |       |     1 |       ||     1
       Distracted        |       |       |       |       |       |     1 ||     1
Armor: Scale mail        |    38 |       |       |       |       |       ||    38
       Chain mail        |    52 |   201 |   230 |     7 |       |       ||   490
       Plate armour      |       |       |       |    73 |       |       ||    73
       Crystal plate arm |       |       |       |   283 |    17 |       ||   300
       Ice dragon scales |       |       |       |       |   454 |   143 ||   597
Dodge: Dodged            |    57 |    90 |   107 |   110 |   444 |   101 ||   909
Block: Buckler           |    33 |    66 |    66 |   148 |   416 |    85 ||   814

Table legend: (Time is in decaauts)
 A = Elapsed time spent in this place.
 B = Non-inter-level travel time spent in this place.
 C = Inter-level travel time spent in this place.
 D = Time resting spent in this place.
 E = Time spent auto-exploring this place.
 F = Levels seen in this place.
 G = Mean time per level.
                   A        B        C        D        E       F      G
               +--------+--------+--------+--------+--------+-----+--------+
         Total |  27722 |  24147 |   3575 |   3874 |  13641 |  31 |  894.3 |
       Dungeon |  16127 |  13514 |   2613 |   1928 |   8405 |  14 | 1151.9 |
        Temple |    137 |    102 |     35 |      0 |     88 |   1 |  137.0 |
          Lair |   5846 |   5350 |    496 |    805 |   3523 |   5 | 1169.2 |
  Orcish Mines |   1290 |   1000 |    290 |      0 |    560 |   2 |  645.0 |
   Elven Halls |   1171 |   1031 |    140 |      0 |    545 |   2 |  585.5 |
         Abyss |    101 |    101 |      0 |      0 |      1 |   2 |   50.5 |
        Bazaar |    209 |    209 |      0 |      0 |      0 |   1 |  209.0 |
         Sewer |    805 |    805 |      0 |    306 |    252 |   1 |  805.0 |
        Bailey |    749 |    749 |      0 |    504 |     30 |   1 |  749.0 |
      Ice Cave |    873 |    873 |      0 |    331 |    224 |   1 |  873.0 |
      Gauntlet |    409 |    409 |      0 |      0 |     12 |   1 |  409.0 |
               +--------+--------+--------+--------+--------+-----+--------+

Top non-repeatable levels by time:
    D:11: 1775 daAuts
     D:5: 1680 daAuts
  Lair:5: 1464 daAuts
     D:3: 1395 daAuts
  Lair:4: 1288 daAuts
  Lair:2: 1273 daAuts
     D:6: 1214 daAuts
     D:1: 1205 daAuts
    D:12: 1200 daAuts
    D:10: 1193 daAuts
     D:4: 1116 daAuts
     D:8: 1111 daAuts
     D:2: 1085 daAuts
     D:7: 1007 daAuts
  Lair:1: 992 daAuts
